[ PARTIDA AOE2 · #469726868 ]
1v1 RMBizantinos vs Franks
Equipo del jugador · VICT
Equipo rival · DERR
[ ANÁLISIS DE REPETICIÓN · EXTRAÍDO DE LA PARTIDA GRABADA ]
Feudal
9:32
Castillos
18:59
Imperial
33:57
| APM promedio | 15.3 |
| APM pico | 34 |
| eAPM promedio | 9.9 |
| Aldeanos / militares | 74 / 14 |
Foco
⚔️ 14.1% · 🌾 85.9%
Mangonel ×6 · Archer ×3 · Trebuchet (Packed) ×3 · Militia ×2
Feudal
12:59
Castillos
24:50
Imperial
—
| APM promedio | 13.2 |
| APM pico | 40 |
| eAPM promedio | 10.6 |
| Aldeanos / militares | 65 / 55 |
Foco
⚔️ 25.0% · 🌾 75.0%
Scout Cavalry ×14 · Throwing Axeman ×13 · Militia ×10 · Skirmisher ×9 · Spearman ×5 · Archer ×2
Mapa de la partida
Recursos iniciales + cada clic de construcción. Líneas = muros · curvas = relieve. ◆ oro · ⬟ piedra · ● bayas · ✦ reliquia · ◌ hueco del cierre
Tu base· ✓ Cerrada en 18:59 · 0t muro · 3 puerta(s)
Base de JAVIRUSO4· ✓ Cerrada en 24:50 · 0t muro · 2 puerta(s)
Terreno inicial suavizado · ◌ = hueco del cierre detectado · pasá el cursor para detalles
Inputs por minuto
— elias.tanous - - JAVIRUSO4
Build order — elias.tanous
Primeras 150 de 167 acciones detectadas
| 0:04 | Construir | House |
| 0:07 | Construir | House |
| 0:10 | Crear | Villager (Male) |
| 0:10 | Crear | Villager (Male) |
| 0:10 | Crear | Villager (Male) |
| 0:10 | Crear | Villager (Male) |
| 1:37 | Crear | Villager (Male) |
| 2:13 | Crear | Villager (Male) |
| 2:44 | Construir | House |
| 3:00 | Crear | Villager (Male) |
| 3:00 | Crear | Villager (Male) |
| 3:32 | Crear | Villager (Male) |
| 4:17 | Crear | Villager (Male) |
| 4:35 | Construir | Lumber Camp |
| 4:40 | Crear | Villager (Male) |
| 5:02 | Crear | Villager (Male) |
| 5:19 | Crear | Villager (Male) |
| 5:37 | Crear | Villager (Male) |
| 5:55 | Construir | Mill |
| 6:03 | Crear | Villager (Male) |
| 6:57 | Investigar | Loom |
| 7:08 | Investigar | Feudal Age |
| 7:23 | Construir | House |
| 8:13 | Crear | Villager (Male) |
| 8:35 | Construir | Mill |
| 8:49 | Crear | Villager (Male) |
| 9:02 | Construir | Mill |
| 9:32 | Edad | Edad Feudal |
| 9:40 | Investigar | Double-Bit Axe |
| 9:55 | Crear | Villager (Male) |
| 10:05 | Construir | Mining Camp |
| 10:28 | Crear | Villager (Male) |
| 10:28 | Crear | Villager (Male) |
| 10:40 | Construir | House |
| 11:14 | Construir | Lumber Camp |
| 11:28 | Crear | Villager (Male) |
| 11:28 | Crear | Villager (Male) |
| 11:54 | Crear | Villager (Male) |
| 11:55 | Crear | Villager (Male) |
| 12:25 | Crear | Villager (Male) |
| 12:31 | Construir | House |
| 13:17 | Construir | Barracks |
| 13:27 | Construir | Blacksmith |
| 13:48 | Crear | Villager (Male) |
| 13:50 | Crear | Villager (Male) |
| 14:21 | Construir | Mill |
| 14:44 | Construir | Archery Range |
| 14:59 | Crear | Villager (Male) |
| 15:50 | Construir | Mining Camp |
| 16:19 | Investigar | Castle Age |
| 16:28 | Construir | House |
| 16:34 | Investigar | Fletching |
| 17:00 | Investigar | Horse Collar |
| 17:31 | Crear | Archer |
| 17:31 | Crear | Archer |
| 17:31 | Crear | Archer |
| 17:43 | Construir | Farm |
| 17:47 | Construir | Farm |
| 17:51 | Construir | Farm |
| 17:54 | Construir | Farm |
| 18:12 | Investigar | Padded Archer Armor |
| 18:24 | Investigar | Stone Mining |
| 18:29 | Investigar | Gold Mining |
| 18:41 | Construir | Farm |
| 18:42 | Construir | Farm |
| 18:45 | Construir | Farm |
| 18:48 | Construir | Farm |
| 18:59 | Edad | Edad de los Castillos |
| 19:03 | Crear | Villager (Male) |
| 19:04 | Crear | Villager (Male) |
| 19:05 | Crear | Villager (Male) |
| 19:50 | Construir | Town Center |
| 20:11 | Construir | House |
| 20:28 | Crear | Villager (Male) |
| 20:29 | Crear | Villager (Male) |
| 21:26 | Crear | Villager (Male) |
| 21:26 | Crear | Villager (Male) |
| 21:26 | Crear | Villager (Male) |
| 21:41 | Construir | Town Center |
| 21:52 | Crear | Villager (Male) |
| 21:52 | Crear | Villager (Male) |
| 21:53 | Crear | Villager (Male) |
| 22:15 | Investigar | Crossbowman (upgrade) |
| 22:16 | Investigar | Elite Skirmisher (upgrade) |
| 22:27 | Crear | Villager (Male) |
| 22:28 | Crear | Villager (Male) |
| 22:42 | Crear | Villager (Male) |
| 22:43 | Crear | Villager (Male) |
| 22:52 | Construir | House |
| 23:06 | Crear | Villager (Male) |
| 23:06 | Crear | Villager (Male) |
| 23:27 | Crear | Villager (Male) |
| 23:28 | Crear | Villager (Male) |
| 23:47 | Construir | Farm |
| 23:53 | Crear | Villager (Male) |
| 24:09 | Construir | Siege Workshop |
| 24:11 | Construir | Siege Workshop |
| 24:19 | Construir | Farm |
| 24:22 | Crear | Villager (Male) |
| 24:23 | Crear | Villager (Male) |
| 24:23 | Crear | Villager (Male) |
| 24:26 | Crear | Villager (Male) |
| 24:31 | Construir | House |
| 24:38 | Construir | Farm |
| 24:40 | Crear | Villager (Male) |
| 24:41 | Crear | Villager (Male) |
| 24:43 | Crear | Villager (Male) |
| 24:59 | Construir | Town Center |
| 25:08 | Construir | House |
| 25:10 | Construir | House |
| 25:17 | Construir | Farm |
| 25:39 | Crear | Mangonel |
| 25:45 | Construir | Farm |
| 25:52 | Construir | House |
| 26:05 | Construir | Farm |
| 26:23 | Crear | Villager (Male) |
| 26:24 | Crear | Villager (Male) |
| 26:32 | Investigar | Stone Shaft Mining |
| 29:28 | Construir | Castle |
| 30:01 | Crear | Villager (Male) |
| 30:01 | Crear | Villager (Male) |
| 30:02 | Crear | Villager (Male) |
| 30:31 | Construir | Castle |
| 30:42 | Construir | Farm |
| 30:47 | Investigar | Imperial Age |
| 30:59 | Crear | Mangonel |
| 31:00 | Crear | Mangonel |
| 31:03 | Crear | Mangonel |
| 31:03 | Crear | Mangonel |
| 31:12 | Crear | Villager (Male) |
| 31:12 | Crear | Villager (Male) |
| 31:12 | Crear | Villager (Male) |
| 31:25 | Crear | Villager (Male) |
| 31:26 | Crear | Villager (Male) |
| 31:32 | Crear | Villager (Male) |
| 31:32 | Crear | Villager (Male) |
| 31:47 | Construir | Barracks |
| 31:48 | Construir | Barracks |
| 31:49 | Construir | Barracks |
| 31:52 | Construir | Archery Range |
| 31:56 | Construir | Archery Range |
| 32:00 | Construir | Archery Range |
| 33:03 | Construir | Castle |
| 33:13 | Crear | Villager (Male) |
| 33:13 | Crear | Villager (Male) |
| 33:13 | Crear | Villager (Male) |
| 33:28 | Investigar | Pikeman (upgrade) |
| 33:29 | Investigar | Gambesons |
| 33:30 | Investigar | Man-at-Arms (upgrade) |
| 33:41 | Crear | Mangonel |
Build order — JAVIRUSO4
Primeras 150 de 226 acciones detectadas
| 0:02 | Crear | Villager (Male) |
| 0:02 | Crear | Villager (Male) |
| 0:02 | Crear | Villager (Male) |
| 0:03 | Crear | Villager (Male) |
| 0:03 | Crear | Villager (Male) |
| 0:15 | Construir | House |
| 0:16 | Construir | House |
| 0:19 | Construir | House |
| 0:22 | Construir | House |
| 0:24 | Construir | House |
| 0:26 | Construir | House |
| 1:48 | Crear | Villager (Male) |
| 2:33 | Crear | Villager (Male) |
| 2:44 | Crear | Villager (Male) |
| 3:20 | Crear | Villager (Male) |
| 3:20 | Investigar | Loom |
| 3:28 | Crear | Villager (Male) |
| 3:51 | Construir | House |
| 3:53 | Construir | House |
| 4:08 | Crear | Villager (Male) |
| 4:54 | Crear | Villager (Male) |
| 5:43 | Crear | Villager (Male) |
| 6:05 | Crear | Villager (Male) |
| 6:05 | Crear | Villager (Male) |
| 6:35 | Crear | Villager (Male) |
| 6:36 | Crear | Villager (Male) |
| 6:36 | Crear | Villager (Male) |
| 6:36 | Crear | Villager (Male) |
| 7:10 | Crear | Villager (Male) |
| 7:10 | Crear | Villager (Male) |
| 7:11 | Crear | Villager (Male) |
| 7:12 | Crear | Villager (Male) |
| 7:40 | Construir | Mill |
| 7:51 | Crear | Villager (Male) |
| 7:52 | Crear | Villager (Male) |
| 7:52 | Crear | Villager (Male) |
| 8:41 | Construir | Mill |
| 9:47 | Construir | Lumber Camp |
| 10:13 | Investigar | Loom |
| 10:31 | Construir | Mining Camp |
| 10:48 | Investigar | Feudal Age |
| 10:51 | Investigar | Loom |
| 12:13 | Construir | Barracks |
| 12:38 | Construir | Farm |
| 12:38 | Construir | Farm |
| 12:39 | Construir | Farm |
| 12:39 | Construir | Farm |
| 12:39 | Construir | Farm |
| 12:39 | Construir | Farm |
| 12:40 | Construir | Farm |
| 12:40 | Construir | Farm |
| 12:40 | Construir | Farm |
| 12:41 | Construir | Farm |
| 12:59 | Edad | Edad Feudal |
| 13:02 | Investigar | Wheelbarrow |
| 13:04 | Crear | Villager (Male) |
| 13:04 | Crear | Villager (Male) |
| 13:05 | Crear | Villager (Male) |
| 13:34 | Construir | Farm |
| 13:34 | Construir | Farm |
| 13:35 | Construir | Farm |
| 13:35 | Construir | Farm |
| 13:35 | Construir | Farm |
| 13:58 | Investigar | Man-at-Arms (upgrade) |
| 14:00 | Crear | Spearman |
| 14:00 | Crear | Spearman |
| 14:01 | Crear | Spearman |
| 14:01 | Crear | Spearman |
| 14:02 | Crear | Spearman |
| 14:34 | Construir | Farm |
| 14:45 | Construir | Farm |
| 15:30 | Construir | Mining Camp |
| 15:36 | Crear | Villager (Male) |
| 15:36 | Crear | Villager (Male) |
| 15:36 | Crear | Villager (Male) |
| 15:37 | Crear | Villager (Male) |
| 15:37 | Crear | Villager (Male) |
| 16:03 | Construir | Farm |
| 16:04 | Construir | Farm |
| 16:04 | Construir | Farm |
| 16:04 | Construir | Farm |
| 16:04 | Construir | Farm |
| 16:05 | Construir | Farm |
| 16:06 | Construir | Farm |
| 16:41 | Investigar | Double-Bit Axe |
| 16:47 | Investigar | Stone Mining |
| 17:47 | Investigar | Arson |
| 17:49 | Crear | Militia |
| 17:49 | Crear | Militia |
| 17:50 | Crear | Militia |
| 17:50 | Crear | Militia |
| 17:50 | Crear | Militia |
| 18:03 | Construir | Farm |
| 18:04 | Construir | Farm |
| 18:09 | Construir | Farm |
| 18:17 | Crear | Villager (Male) |
| 18:18 | Crear | Villager (Male) |
| 18:18 | Crear | Villager (Male) |
| 18:18 | Crear | Villager (Male) |
| 18:20 | Crear | Villager (Male) |
| 18:37 | Construir | Watch Tower |
| 18:51 | Construir | Archery Range |
| 19:19 | Construir | House |
| 19:20 | Construir | House |
| 19:22 | Construir | House |
| 19:23 | Construir | House |
| 19:26 | Construir | House |
| 19:29 | Construir | House |
| 19:30 | Construir | House |
| 19:31 | Construir | House |
| 19:33 | Construir | House |
| 19:34 | Construir | House |
| 20:35 | Investigar | Gold Mining |
| 21:10 | Construir | Blacksmith |
| 21:17 | Construir | Market |
| 22:06 | Investigar | Scale Mail Armor |
| 22:10 | Investigar | Castle Age |
| 22:13 | Investigar | Fletching |
| 22:14 | Investigar | Padded Archer Armor |
| 22:15 | Investigar | Forging |
| 22:52 | Investigar | Scale Barding Armor |
| 23:06 | Construir | Stable |
| 23:28 | Crear | Militia |
| 23:28 | Crear | Militia |
| 23:29 | Crear | Militia |
| 23:29 | Crear | Militia |
| 23:29 | Crear | Militia |
| 23:35 | Crear | Skirmisher |
| 23:35 | Crear | Skirmisher |
| 23:35 | Crear | Skirmisher |
| 23:36 | Crear | Skirmisher |
| 23:36 | Crear | Skirmisher |
| 23:59 | Crear | Villager (Male) |
| 24:00 | Crear | Villager (Male) |
| 24:00 | Crear | Villager (Male) |
| 24:00 | Crear | Villager (Male) |
| 24:18 | Crear | Archer |
| 24:18 | Crear | Archer |
| 24:20 | Crear | Skirmisher |
| 24:20 | Crear | Skirmisher |
| 24:21 | Crear | Skirmisher |
| 24:21 | Crear | Skirmisher |
| 24:39 | Crear | Scout Cavalry |
| 24:39 | Crear | Scout Cavalry |
| 24:39 | Crear | Scout Cavalry |
| 24:40 | Crear | Scout Cavalry |
| 24:40 | Crear | Scout Cavalry |
| 24:40 | Crear | Scout Cavalry |
| 24:48 | Construir | Farm |
| 24:50 | Edad | Edad de los Castillos |
Cronología de la partida
| 9:32 | elias.tanous · age_up feudal |
| 12:13 | JAVIRUSO4 · first_building Barracks |
| 12:59 | JAVIRUSO4 · age_up feudal |
| 13:17 | elias.tanous · first_building Barracks |
| 14:44 | elias.tanous · first_building Archery Range |
| 18:51 | JAVIRUSO4 · first_building Archery Range |
| 18:59 | elias.tanous · age_up castle |
| 23:06 | JAVIRUSO4 · first_building Stable |
| 24:09 | elias.tanous · first_building Siege Workshop |
| 24:26 | JAVIRUSO4 · first_market_sell 100 wood |
| 24:32 | JAVIRUSO4 · first_market_buy 100 food |
| 24:50 | JAVIRUSO4 · age_up castle |
| 27:30 | JAVIRUSO4 · first_building Castle |
| 29:25 | JAVIRUSO4 · first_building Monastery |
| 29:28 | elias.tanous · first_building Castle |
| 32:43 | JAVIRUSO4 · first_building Siege Workshop |
| 33:57 | elias.tanous · age_up imperial |
| 35:01 | JAVIRUSO4 · resign |
[ ANÁLISIS IA · 1 CRÉDITO ]
¿Qué pasó realmente en esta partida?
Wolo.gg analiza cada decisión: build order, eco, micro, errores típicos por bracket. Análisis personalizado por WhatsApp o Discord en 30 segundos.
Guía civ
Bizantinos
Guía mapa
Arena
Perfil
elias.tanous